 Dungeon Crawl Stone Soup version 0.21.0-22-g11d5b52 (webtiles) character file.

156 sankara the Chopper (level 5, -5/49 HPs)
             Began as a Deep Dwarf Fighter on Jan 19, 2018.
             Slain by Grinder (7 damage)
             ... while paralysed by Grinder
             ... on level 3 of the Dungeon.
             The game lasted 00:07:26 (1714 turns).

sankara the Chopper (Deep Dwarf Fighter)            Turns: 1714, Time: 00:07:26

Health: -5/49      AC:  9    Str: 21 (22) XL:     5   Next: 15%
Magic:  5/5        EV:  2    Int: 14      God:
Gold:   97         SH:  0    Dex: 12 (13) Spells: 4/4 levels left

rFire    . . .     SeeInvis .   a - +0 war axe
rCold    . . .     Gourm    .   c - +0 shield
rNeg     . . .     Faith    .   o - +0 chain mail
rPois    .         Spirit   .   (no helmet)
rElec    .         Reflect  .   (no cloak)
rCorr    .         Harm     .   (no gloves)
MR       .....                  (no boots)
Stlth    ..........             (no amulet)
HPRegen  0.00/turn              w - +3 ring of strength
MPRegen  0.09/turn              (no ring)

@: paralysed, brilliant, non-regenerating, hasted
A: damage resistance, heal wounds, claws 1, hooves 1, blink, sense surroundings
1, no regeneration
a: Heal Wounds, Blink


You were on level 3 of the Dungeon.
You were not hungry.

You visited 1 branch of the dungeon, and saw 3 of its levels.

You collected 97 gold pieces.

Inventory:

Hand Weapons
 a - a +0 war axe (weapon)
 e - a -1 war axe
Missiles
 b - 3 needles of confusion
 h - 49 stones (quivered)
 p - 15 poisoned needles
Armour
 c - a +0 shield (worn)
 o - a +0 chain mail (worn)
Jewellery
 w - a +3 ring of strength (left claw)
Scrolls
 m - a scroll of enchant weapon {unknown}
 q - a scroll of identify {unknown}
 v - a scroll of enchant armour {unknown}
Potions
 d - a potion of might
Comestibles
 f - 5 rations
 g - a chunk of flesh


   Skills:
 + Level 3.5 Fighting
 * Level 4.4 Axes
 + Level 4.3 Armour
 - Level 3.2 Shields


You had 4 spell levels left.
You didn't know any spells.

Dungeon Overview and Level Annotations

Branches:
Dungeon (3/15)

Altars:
Hepliaklqana
Qazlal
Xom

Annotations:
D:3 Grinder


Innate Abilities, Weirdness & Mutations

You are resistant to damage.
You can heal yourself by infusing magical energy.
You passively map a small area around you.
You do not regenerate.
You have sharp fingernails.
You have large cloven feet.
You can translocate small distances at will.


Message History

Grinder is heavily wounded.
Grinder gestures at you. Pain shoots through your body!
* * * LOW HITPOINT WARNING * * *
Your shield prevents you from hitting Grinder.
Your kick misses Grinder.
Grinder is heavily wounded.
Grinder blinks!
Grinder gestures at you. Pain shoots through your body!
* * * LOW HITPOINT WARNING * * *
You feel yourself speed up. Grinder hits you but does no damage.
You hit Grinder but do no damage. Your kick misses Grinder.
Grinder is moderately wounded.
Grinder gestures at you.
You suddenly lose the ability to move!
Grinder hits you but does no damage. Grinder hits you!
You die...

* ###
#.#######.#
#......[(.#
#.#######.# * *
** #.# ,, ,, #.#
* .#####.###
..........####
..###......@5# *
, +..........# *
#........#.# ,
*,#........# # ,
............
o.,#.
#.##.#........,
...#.
..##.##.####.. *
*...#..#.##.##.#
..# ,, ,
........##.<...


You could see Grinder.

Vanquished Creatures
  An orc wizard (D:3)
  Terence (D:3)
  2 adders (D:2)
  An ooze (D:2)
  A worm (D:2)
  A dart slug (D:1)
  3 leopard geckos
  4 orcs (D:3)
  A ball python (D:1)
  7 bats
  3 giant cockroaches
  7 goblins
  9 hobgoblins
  A quokka (D:2)
  5 frilled lizards
  10 kobolds
  10 rats
67 creatures vanquished.

Notes
Turn   | Place    | Note
-------+----------+-------------------------------------------
     0 | D:1      | sankara the Deep Dwarf Fighter began the quest for the Orb.
     0 | D:1      | Reached XP level 1. HP: 20/20 MP: 1/1
    91 | D:1      | Reached XP level 2. HP: 27/27 MP: 2/2
   432 | D:1      | Reached XP level 3. HP: 29/34 MP: 3/3
   771 | D:2      | Found a hazy altar of Hepliaklqana.
   939 | D:2      | Reached XP level 4. HP: 28/42 MP: 4/4
  1074 | D:2      | Found a shimmering altar of Xom.
  1074 | D:2      | Found a stormy altar of Qazlal.
  1607 | D:3      | Noticed Terence
  1624 | D:3      | Killed Terence
  1668 | D:3      | Gained mutation: You have sharp fingernails. [potion of mutation]
  1668 | D:3      | Gained mutation: You have large cloven feet. [potion of mutation]
  1668 | D:3      | Gained mutation: You can translocate small distances at will. [potion of mutation]
  1677 | D:3      | Reached XP level 5. HP: 11/49 MP: 5/5
  1690 | D:3      | Noticed Grinder
  1709 | D:3      | HP: 2/49 [Grinder/nerve-wracking pain (6)]
  1712 | D:3      | Paralysed by Grinder for 5 turns
  1714 | D:3      | Slain by Grinder

Skill      XL: |  1  2  3  4 |
---------------+-------------+-----
Axes           | 3 4 |  4.4
Fighting       | 3 |  3.5
Armour         | 4 |  4.3
Shields        | |  3.2

Action                   |  1- 3 |  4- 6 || total
-------------------------+-------+-------++-------
Melee: War axe           |   137 |    93 ||   230
       Kick              |       |     4 ||     4
Throw: Stone             |    22 |    25 ||    47
  Use: Potion            |       |    10 ||    10
       Scroll            |       |     2 ||     2
 Stab: Invisible         |       |     1 ||     1
  Eat: Chunk             |     1 |     2 ||     3
Armor: Scale mail        |    26 |       ||    26
       Chain mail        |    29 |    49 ||    78
Dodge: Dodged            |    33 |    18 ||    51
Block: Shield            |    65 |    37 ||   102
